 Dungeon Crawl Stone Soup version 0.29.1-1-gd02db6906a (webtiles) character file.

Game seed: 17159325603522702461

175 Powertoast the Slasher (level 5, -4/50 HPs)
             Began as a Naga Monk on Sept 19, 2022.
             Slain by a centaur (5 damage)
             ... on level 4 of the Dungeon.
             The game lasted 00:12:13 (3417 turns).

Powertoast the Slasher (Naga Monk)                  Turns: 3417, Time: 00:12:13

Health: -4/50      AC:  5    Str: 10 (13) XL:     5   Next: 55%
Magic:  5/5        EV: 10    Int: 10 (13) God:
Gold:   173        SH:  0    Dex: 12 (13) Spells: 4/4 levels left

rFire   + . .      SeeInvis +   a - +0 falchion
rCold   . . .      Faith    .   (no shield)
rNeg    . . .      Spirit   .   t - +0 robe
rPois   +          Reflect  .   d - +2 helmet
rElec   .          Harm     .   (no cloak)
rCorr   .          Rampage  .   (no gloves)
Will    .....                   (no barding)
Stlth   +++.......              (no amulet)
HPRegen 0.16/turn               j - ring of protection from fire
MPRegen 0.09/turn               (no ring)

@: very slow
A: AC +1, large, see invisible, deformed body, poison resistance, slowness 2,
spit poison 1, naga tail 1, inability to drink after injury 1, MP-powered wands
a: Spit Poison


You were on level 4 of the Dungeon.
You visited 1 branch of the dungeon, and saw 4 of its levels.

You collected 173 gold pieces.

Inventory:

Hand Weapons
 a - a +0 falchion (weapon)
 b - a +2 dagger of holy wrath
Missiles
 m - 5 silver javelins
 o - 7 boomerangs
Armour
 d - a +2 helmet (worn)
 p - a +0 chain mail
 t - a +0 robe (worn)
Jewellery
 c - a ring of wizardry
 j - a ring of protection from fire (left hand)
 n - a ring of flight
Wands
 v - a wand of iceblast (15)
Scrolls
 e - a scroll of teleportation
 f - a scroll of poison {unknown}
 g - a scroll of fear {unknown}
 i - 2 scrolls of magic mapping {unknown}
 l - a scroll of noise {unknown}
 q - a scroll of amnesia {unknown}
 r - 4 scrolls of identify {unknown}
Potions
 h - 2 potions of curing
 s - a potion of berserk rage {unknown}
 u - a potion of mutation


   Skills:
 * Level 4.0 Fighting
 - Level 5.0 Long Blades
 - Level 2.4 Dodging
 + Level 4.5 Stealth


You had 4 spell levels left.
You didn't know any spells.
Your spell library contained the following spells:

 Spells                   Type           Power      Damage    Failure   Level
 Beastly Appendage        Tmut           0%         N/A       36%         1
 Summon Small Mammal      Summ           0%         N/A       36%         1
 Wereblood                Tmut           0%         N/A       50%         2
 Call Canine Familiar     Summ           0%         N/A       75%         3
 Ozocubu's Armour         Ice            0%         N/A       75%         3
 Spider Form              Tmut/Pois      0%         N/A       75%         3
 Summon Guardian Golem    Hex/Summ       0%         N/A       75%         3
 Ozocubu's Refrigeration  Ice            0%         4d7       100%        7


Dungeon Overview and Level Annotations

Branches:
Dungeon (4/15)
 Temple: D:4-7

Altars:
Trog


Innate Abilities, Weirdness & Mutations

Your serpentine skin is tough. (AC +1)
You have supernaturally acute eyesight. (SInv)
Armour fits poorly on your strangely shaped body.
Your system is resistant to poisons. (rPois)
You cover ground very slowly.
You can spit poison.
You have a snake-like lower body.
You occasionally lose the ability to drink potions when taking damage.
You expend magic power (3 MP) to strengthen your wands.


Message History

* * * LOW HITPOINT WARNING * * *
The centaur barely misses you. The centaur hits you.
* * * LOW HITPOINT WARNING * * *
The centaur kicks you but does no damage.
It was a potion of curing.
You feel better. The centaur closely misses you.
The centaur kicks you but does no damage.
Your +2 dagger of holy wrath stops glowing.
a - a +0 falchion (weapon)
The centaur misses you. The centaur barely misses you.
You can't do that yet.
You barely miss the centaur.
The centaur is moderately wounded.
You have got your breath back.
The centaur hits you.
* * * LOW HITPOINT WARNING * * *
The centaur kicks you.
* * * LOW HITPOINT WARNING * * *
It was a potion of mutation.
You feel extremely strange.
You occasionally lose the ability to drink potions when taking damage.
You feel your magical essence link to the dungeon's wands.
The centaur hits you.
* * * LOW HITPOINT WARNING * * *
The centaur closely misses you. The centaur completely misses you.
The centaur kicks you but does no damage.
It was a potion of degeneration.
There was something very wrong with that liquid.
You feel weakened.
You feel dopey.
You feel clumsy. The centaur closely misses you.
The centaur kicks you but does no damage.
Unknown command.
You hit the centaur.
The centaur is moderately wounded.
The centaur completely misses you.
The centaur kicks you but does no damage.
The centaur hits you but does no damage.
The centaur closely misses you.
You hit the centaur.
The centaur is moderately wounded.
The centaur hits you.
You die...

#.# #.# ##'# # ##.#
####.### #...# #
#..########......#
....c# #
.........##.##...#
......# #
...#####.##.#.#..####
.......###
.............###....+
.......'..
...#####.##.## ##.###
.......### .....#
#.##..###c## ......#
.###.# #.##.#.#.@#
....<# .# #.#
#.##†##.#.# #...#
.###.###.##......#
##'#
.........#####.### #.
####.##### #.# # #.#
#.# #.# #.# ####.#
#.. .....# ###


You could see a centaur.

Vanquished Creatures
  A gnoll bouda (D:4)
  3 adders
  3 gnolls (D:4)
  2 worms (D:3)
  5 dart slugs
  4 orcs
  5 ball pythons
  5 bats
  3 endoplasms
  5 giant cockroaches
  3 hobgoblins
  5 jackals (D:1)
  5 quokkas
  4 frilled lizards
  4 goblins
  7 kobolds
  5 rats
69 creatures vanquished.

Vanquished Creatures (others)
  3 plants (D:1)
3 creatures vanquished.

Grand Total: 72 creatures vanquished

Notes
Turn   | Place    | Note
-------+----------+-------------------------------------------
     0 | D:1      | Powertoast the Naga Monk began the quest for the Orb.
     0 | D:1      | Reached XP level 1. HP: 21/21 MP: 1/1
   249 | D:1      | Reached XP level 2. HP: 16/28 MP: 2/2
   533 | D:1      | Found a faded altar of an unknown god.
   551 | D:1      | Reached skill level 4 in Long Blades
   622 | D:1      | Reached XP level 3. HP: 34/34 MP: 3/3
  1431 | D:2      | Reached XP level 4. HP: 35/42 MP: 4/4
  2050 | D:2      | Reached skill level 5 in Long Blades
  2263 | D:3      | Found a bloodstained altar of Trog.
  2889 | D:4      | Reached XP level 5. HP: 49/49 MP: 5/5
  3325 | D:4      | Noticed a centaur
  3414 | D:4      | Gained mutation: You occasionally lose the ability to drink
                  | potions when taking damage. [potion of mutation]
  3414 | D:4      | Gained mutation: You expend magic power (3 MP) to
                  | strengthen your wands. [potion of mutation]
  3414 | D:4      | HP: 1/50 [centaur (4)]
  3417 | D:4      | Slain by a centaur

Illustrated notes

Levels and vault maps discovered:
D:1:      kilobyte_arrival_exit_the_forest, layout_rooms,
          shapermc_ecumenical_altar_acropolis
D:2:      layout_loops_corners, supply_closet_lemuel, columned_hall_lemuel,
          minmay_misc_feat_rugged
D:3:      layout_rooms, mainiacjoe_overflow_catwalk,
          nicolae_kite_square_tiling_tiny
D:4:      layout_loops_corners

Skill      XL: |  1  2  3  4  5 |
---------------+----------------+-----
Long Blades    | 4 5 |  5.0
Stealth        | 4 |  4.5
Fighting       | 4 |  4.0
Dodging        | |  2.4

Action                   |  1- 3 |  4- 6 || total
-------------------------+-------+-------++-------
Melee: Falchion          |    68 |    61 ||   129
       Punch             |     1 |     2 ||     3
       Dagger            |       |    26 ||    26
 Abil: Spit Poison       |    28 |    39 ||    67
Evoke: Wand              |       |     3 ||     3
  Use: Potion            |       |     5 ||     5
       Scroll            |       |     1 ||     1
 Stab: Sleeping          |       |     3 ||     3
Armor: Robe              |    28 |    42 ||    70
Dodge: Dodged            |    47 |    70 ||   117
